 Dungeon Crawl Stone Soup version 0.29.1-12-g30fa7ad0bf (webtiles) character file.

Game seed: 17786800245361647377

130 GeoRichter the Conjurer (level 4, 0/30 HPs)
             Began as a Demonspawn Wanderer on Dec 23, 2022.
             Slain by a black bear (1 damage)
             ... in a sewer.
             The game lasted 00:06:39 (2936 turns).

GeoRichter the Conjurer (Demonspawn Wanderer)       Turns: 2936, Time: 00:06:39

Health: 0/30       AC:  7    Str: 11    XL:     4   Next: 89%
Magic:  2/7        EV: 11    Int: 15    God:
Gold:   139        SH:  4    Dex: 14    Spells: 6/7 levels left

rFire   . . .      SeeInvis .   a - +0 dagger
rCold   . . .      Faith    .   (no shield)
rNeg    . . .      Spirit   .   d - +0 robe
rPois   .          Reflect  .   (no helmet)
rElec   .          Harm     .   (no cloak)
rCorr   .          Rampage  .   (no gloves)
Will    .....                   b - +0 pair of boots
Stlth   ++........              s - amulet of magic regeneration
HPRegen 0.10/turn               n - +4 ring of protection
MPRegen 0.50/turn               (no ring)

@: no status effects
A: hooves 1, condensation shield
a: no special abilities


You were in a sewer.
You visited 1 branch of the dungeon, and saw 3 of its levels.
You also visited: Sewer.

You collected 139 gold pieces.

Inventory:

Hand Weapons
 a - a +0 dagger (weapon)
Missiles
 t - 2 javelins
Armour
 b - a +0 pair of boots (worn)
 d - a +0 robe (worn)
Jewellery
 n - a +4 ring of protection (left hand)
   (You found it on level 1 of the Dungeon)
 s - an amulet of magic regeneration (around neck)
   (You found it on level 2 of the Dungeon)
Wands
 e - a wand of polymorph (14)
Scrolls
 c - a scroll of butterflies
 j - 2 scrolls of enchant weapon {unknown}
 k - 2 scrolls of enchant armour {unknown}
 l - a scroll of identify {@r1}
 o - a scroll of brand weapon
 r - a scroll of poison {unknown}
Potions
 f - a potion of haste {unknown}
 g - a potion of lignification {unknown}
 m - 2 potions of heal wounds {unknown}
 p - a potion of brilliance {unknown}
 q - 3 potions of curing {@q1}
 u - a potion of mutation {unknown}


   Skills:
 - Level 1.0 Armour
 - Level 3.7 Stealth
 + Level 2.3 Spellcasting
 * Level 4.3 Conjurations
 - Level 2.0 Evocations


You had 6 spell levels left.
You knew the following spells:

 Your Spells              Type           Power      Damage    Failure   Level
a - Magic Dart            Conj           56%        1d5       3%          1

Your spell library contained the following spells:

 Spells                   Type           Power      Damage    Failure   Level
 Static Discharge         Conj/Air       8%         3-4/arc   13%         2
 Slow                     Hex            4%         N/A       22%         1
 Conjure Flame            Conj/Fire      8%         6-21      26%         3
 Confusing Touch          Hex            1%         N/A       54%         3
 Vampiric Draining        Necr           1%         2d6       54%         3
 Lightning Bolt           Conj/Air       4%         1d15      94%         5
 Maxwell's Capacitive Co  Air            0%         ∞         100%        8


Dungeon Overview and Level Annotations

Branches:
Dungeon (3/15) Zot: 15174   Sewer (1/1) Zot: 5870

Altars:


Innate Abilities, Weirdness & Mutations

You have large cloven feet.
A meltable shield of frost defends you. (SH +4)


Message History

The black bear completely misses you. The black bear claws you.
* * * LOW HITPOINT WARNING * * *
The kobold closely misses you.
Aim: a black bear (moderately wounded, 100% to hit)
The magic dart hits the black bear.
You block the black bear's attack.
The black bear claws you but does no damage. x2
The kobold splashes around in the water.
Aim: a black bear (heavily wounded, 100% to hit)
The magic dart hits the black bear but does no damage.
The black bear bites you.
* * * LOW HITPOINT WARNING * * *
The black bear claws you but does no damage.
The black bear misses you. The kobold hits you but does no damage.
Aim: a black bear (heavily wounded, 100% to hit)
The magic dart hits the black bear.
The black bear bites you but does no damage.
The black bear claws you but does no damage. x2
The kobold hits you but does no damage.
Aim: a black bear (severely wounded, 100% to hit)
The magic dart hits the black bear.
You block the black bear's attack.
The black bear claws you but does no damage. x2
The kobold closely misses you.
Aim: a black bear (severely wounded, 100% to hit)
The magic dart hits the black bear.
The black bear barely misses you.
The black bear claws you but does no damage.
The black bear claws you.
* * * LOW HITPOINT WARNING * * *
The kobold hits you but does no damage.
Aim: a black bear (severely wounded, 100% to hit)
The magic dart hits the black bear.
The black bear goes berserk!
The kobold splashes around in the water.
Aim: a black bear (almost dead, berserk, 100% to hit)
The magic dart hits the black bear.
The black bear bites you.
* * * LOW HITPOINT WARNING * * *
The black bear claws you but does no damage.
The black bear claws you.
* * * LOW HITPOINT WARNING * * *
The kobold splashes around in the water.
Aim: a black bear (almost dead, berserk, 100% to hit)
The magic dart hits the black bear.
The black bear bites you but does no damage.
The black bear claws you.
* * * LOW HITPOINT WARNING * * *
The black bear closely misses you. The black bear bites you.
You die...

#≈# #≈## #≈≈ #≈#
##≈## . ##~~.##
....####~..~.#####.
..~.~~~K@.∩.~≈≈≈≈≈~
K...####h∩...#####
~ ##...## ##~## #~#
#~# #~# .~~ .~.


You could see a black bear (berserk) and a kobold.

Vanquished Creatures
  4 adders
  2 river rats (D:3)
  2 worms
  3 dart slugs (D:1)
  An orc (D:3)
  A bat (D:2)
  6 endoplasms
  4 giant cockroaches
  6 goblins
  7 hobgoblins
  6 jackals (D:2)
  2 quokkas (D:1)
  3 ball pythons (D:1)
  3 frilled lizards
  3 kobolds
  7 rats
60 creatures vanquished.

Vanquished Creatures (others)
  15 plants (D:3)
15 creatures vanquished.

Grand Total: 75 creatures vanquished

Notes
Turn   | Place    | Note
-------+----------+-------------------------------------------
     0 | D:1      | GeoRichter the Demonspawn Wanderer began the quest for the
                  | Orb.
     0 | D:1      | GeoRichter set off with the following items: a +0 dagger, a
                  | +0 pair of boots, a scroll of butterflies, a +0 robe, a
                  | wand of polymorph (16); and the following spell memorised:
                  | Magic Dart; and the following spells available to memorise:
                  | Conjure Flame.
     0 | D:1      | Reached XP level 1. HP: 13/13 MP: 2/2
    95 | D:1      | Found a faded altar of an unknown god.
   242 | D:1      | Discovered your monstrous ancestry.
   242 | D:1      | Gained mutation: You have large cloven feet. [demonic
                  | ancestry]
   242 | D:1      | Reached XP level 2. HP: 19/19 MP: 1/3
   860 | D:1      | Reached skill level 3 in Conjurations
  1028 | D:1      | Gained mutation: A meltable shield of frost defends you.
                  | (SH +4) [demonic ancestry]
  1028 | D:1      | Reached XP level 3. HP: 21/24 MP: 1/5
  1972 | D:2      | Reached XP level 4. HP: 30/30 MP: 1/6
  2519 | D:3      | Reached skill level 4 in Conjurations
  2802 | D:3      | Found a glowing drain.
  2808 | Sewer    | Entered a sewer
  2904 | Sewer    | Noticed a kobold brigand
  2922 | Sewer    | Noticed a black bear
  2922 | Sewer    | a kobold brigand changed into a black bear
  2936 | Sewer    | HP: 1/30 [black bear (1)]
  2936 | Sewer    | Slain by a black bear

Illustrated notes

Levels and vault maps discovered:
D:1:      dpeg_arrival_leaves_temple_mockup, layout_basic,
          hellmonk_ecumenical_altar_arch_garden, minmay_octomino_e4
D:2:      layout_rooms, roderic_lattice_a
D:3:      layout_loops_ring, gup_sewer_entry_bubbles, nicolae_grassy_gnolls
Sewer:    sewer_co_15_rooms

Skill      XL: |  1  2  3  4 |
---------------+-------------+-----
Conjurations   | 3 4 |  4.3
Spellcasting   | 2 |  2.3
Armour         | |  1.0
Stealth        | |  3.7
Evocations     | |  2.0

Action                   |  1- 3 |  4- 6 || total
-------------------------+-------+-------++-------
Melee: Dagger            |   106 |    14 ||   120
       Punch             |     2 |       ||     2
 Cast: Magic Dart        |    84 |    82 ||   166
Evoke: Wand              |       |     2 ||     2
  Use: Scroll            |       |     3 ||     3
Armor: Robe              |    28 |    32 ||    60
Dodge: Dodged            |    51 |    30 ||    81
Block: Other             |    15 |     9 ||    24
